[Event "26th Bosnjaci Open 2022"]
[Site "Bosnjaci"]
[Date "2022.01.07"]
[Round "7.13"]
[White "Lazic, Emanuel"]
[Black "Jelecevic, Ivo"]
[Result "0-1"]
[ECO "B47"]
[WhiteElo "1995"]
[BlackElo "2136"]
[Annotator "ChessBase"]
[PlyCount "98"]
[EventDate "2022.01.03"]
[EventType "swiss"]
[EventCountry "CRO"]
[SourceTitle "playchess.com"]
[Source "ChessBase"]
[SourceQuality "1"]
[TimeControl "5400+30"]

1. e4 c5 2. Nf3 e6 3. d4 cxd4 4. Nxd4 Nc6 5. Nc3 Qc7 6. Ndb5 Qb8 7. Be3 a6 8. Bb6 axb5 9. Nxb5 Bb4+ 10. c3 Ba5 11. Nc7+ Qxc7 12. Bxc7 Bxc7 13. Qg4 g6 14. Qh4 Nge7 15. Qh6 Ra5 16. Be2 d5 17. b4 Be5 18. O-O Ra8 19. Rfc1 dxe4 20. b5 Nf5 21. Qg5 Nce7 22. g4 h6 23. Qd2 Nh4 24. Rab1 Nd5 25. Rc2 h5 26. Rd1 Ke7 27. c4 Nf4 28. Qe3 Nxe2+ 29. Rxe2 Nf3+ 30. Kg2 hxg4 31. Rh1 f5 32. c5 Bd4 33. Qf4 e5 34. Qc1 Be6 35. c6 b6 36. c7 Bd5 37. h4 Kd7 38. Rc2 e3 39. Kg3 exf2 40. c8=Q+ Raxc8 41. Rxc8 Rxc8 42. Qh6 Rh8 43. Qc1 Rc8 44. Qh6 Rc3 45. Qg7+ Kc8 46. Qf8+ Kb7 47. Qe7+ Rc7 48. Qa3 Ng1 49. Qa6+ Kb8 0-1

[Event "26th Bosnjaci Open 2022"]
[Site "Bosnjaci"]
[Date "2022.01.07"]
[Round "7.15"]
[White "Grguric, Stjepan-Kresimir"]
[Black "Drmic, Bozo"]
[Result "1-0"]
[ECO "B32"]
[WhiteElo "2107"]
[BlackElo "1949"]
[Annotator "NA"]
[PlyCount "61"]
[EventDate "2022.01.03"]
[EventType "swiss"]
[EventCountry "CRO"]
[SourceTitle "playchess.com"]
[Source "ChessBase"]
[SourceQuality "1"]
[TimeControl "5400+30"]

1. e4 c5 2. Nf3 Nc6 3. d4 cxd4 4. Nxd4 e5 5. Nxc6 bxc6 6. Bc4 Nf6 7. Qe2 Bc5 8. O-O O-O 9. Bg5 h6 10. Bh4 g5 11. Bg3 d6 12. Nc3 Qa5 13. Kh1 Rb8 14. Qf3 Kg7 15. Bb3 Rb4 16. Rfe1 Bg4 17. Qd3 Rd4 18. Qf1 Nh5 19. h3 Bc8 20. Qe2 Kg6 21. Qf3 Nf4 22. Rad1 h5 23. Bxf4 exf4 24. Rxd4 Bxd4 25. Rd1 Be5 26. Ne2 Qb6 27. c3 g4 28. Nxf4+ Kg5 29. h4+ Kxh4 30. g3+ Kg5 31. Qe2 1-0

[Event "26th Bosnjaci Open 2022"]
[Site "Bosnjaci"]
[Date "2022.01.09"]
[Round "9.4"]
[White "Lalic, Kristijan"]
[Black "Nemec, Vjekoslav"]
[Result "1/2-1/2"]
[ECO "B20"]
[WhiteElo "2215"]
[BlackElo "2194"]
[Annotator "RC"]
[PlyCount "61"]
[EventDate "2022.01.03"]
[EventType "swiss"]
[EventCountry "CRO"]
[SourceTitle "playchess.com"]
[Source "ChessBase"]
[SourceQuality "1"]
[TimeControl "5400+30"]

1. e4 c5 2. a3 e6 3. b4 b6 4. Nc3 Nc6 5. bxc5 bxc5 6. Nf3 Qa5 7. Bc4 Ba6 8. Qe2 Bxc4 9. Qxc4 Nf6 10. e5 Ng8 11. O-O f6 12. Re1 fxe5 13. Nxe5 Nxe5 14. Rxe5 Nf6 15. Rg5 d5 16. Qe2 Kf7 17. Rb1 Qc7 18. Bb2 a6 19. Re1 Qc6 20. Qf3 Rb8 21. Ba1 h6 22. Rge5 Bd6 23. Rxe6 Rhe8 24. Rxe8 Rxe8 25. Rb1 Kg8 26. g3 Rf8 27. d3 Be5 28. Qe2 Re8 29. Qf3 Rf8 30. Qe2 Re8 31. Qf3 1/2-1/2